 Dungeon Crawl Stone Soup version 0.31-a0-1272-g9f703e4c1d (webtiles) character file.

Game seed: 6280658395721884967

638 Farnir the Covered (level 7, -2/47 (61) HPs)
             Began as a Minotaur Fighter on Dec 17, 2023.
             Slain by daxdoom's ghost (4 damage)
             ... on level 4 of the Dungeon.
             The game lasted 00:05:23 (3117 turns).

Farnir the Covered (Minotaur Fighter)               Turns: 3117, Time: 00:05:24

HP:   -2/47 (61)    AC:  7    Str: 28    XL:     7   Next: 25%
MP:   6/6           EV: 11    Int:  5    God:
Gold: 145           SH:  5    Dex: 10    Spells: 6/6 levels left

rFire   . . .        a - +0 war axe
rCold   . . .        c - +0 buckler
rNeg    . . .        b - +0 scale mail
rPois   .            (helmet restricted)
rElec   .            (no cloak)
rCorr   .            (no gloves)
SInv    +            (no boots)
Will    .....        (no amulet) Stlth
                     l - +6 ring of strength
HPRegen 0.27/turn    k - ring of see invisible
MPRegen 0.10/turn

%: no passive effects
@: heavily drained
A: horns 2, retaliatory headbutt
a: no special abilities


You were on level 4 of the Dungeon.
You visited 1 branch of the dungeon, and saw 4 of its levels.

You collected 145 gold pieces.

Inventory:

Hand Weapons
 a - a +0 war axe (weapon)
Armour
 b - a +0 scale mail (worn)
 c - a +0 buckler (worn)
Jewellery
 g - a +6 ring of intelligence
 k - a ring of see invisible (right hand)
 l - a +6 ring of strength (left hand)
 o - a ring of protection from fire
Wands
 n - a wand of iceblast (9)
Scrolls
 m - 2 scrolls of fear
 q - a scroll of teleportation
Potions
 e - a potion of invisibility
 f - 3 potions of enlightenment
 h - a potion of cancellation
 i - 3 potions of curing
 j - 2 potions of lignification
 p - a potion of magic {unknown}


   Skills:
 + Level 5.5 Fighting
 + Level 4.8 Axes
 + Level 5.6 Armour
 + Level 3.5 Dodging
 + Level 5.5 Shields


You had 6 spell levels left.
You didn't know any spells.
Your spell library contained the following spells:

 Spells                   Type           Power      Damage    Failure   Level
 Cigotuvi's Dreadful Rot  Necr/Pois/Air  0%         N/A       88%         2
 Ensorcelled Hibernation  Hex/Ice        0%         N/A       88%         2
 Passwall                 Tmut/Erth      0%         N/A       88%         2
 Ignite Poison            Fire/Tmut/Pois 0%         N/A       98%         3
 Swiftness                Air            0%         N/A       98%         3
 Volatile Blastmotes      Fire/Tloc      0%         2d10      98%         3
 Fulminant Prism          Conj/Hex       0%         3d5       100%        4
 Iskenderun's Mystic Bla  Conj/Tloc      0%         2d3       100%        4
 Freezing Cloud           Conj/Ice/Air   0%         6-21      100%        5


Dungeon Overview and Level Annotations

Branches:
Dungeon (4/15)
 Temple: D:4-7

Altars:

Annotations:
D:4 1 transporter, daxdoom's ghost, amateur MiBe


Innate Abilities, Weirdness & Mutations

You have a pair of horns on your head.
You reflexively headbutt those who attack you in melee.


Message History

Daxdoom's ghost hits you but does no damage.
You feel drained. Daxdoom's ghost barely misses you.
Unknown command.
You hit daxdoom's ghost but do no damage.
Your headbutt misses daxdoom's ghost.
Daxdoom's ghost is moderately damaged.
You block daxdoom's ghost's attack.
You hit daxdoom's ghost.
You headbutt daxdoom's ghost, but do no damage.
Daxdoom's ghost is heavily damaged.
Daxdoom's ghost hits you.
You feel drained.
Unknown command.
You slash daxdoom's ghost!
Daxdoom's ghost is severely damaged.
Daxdoom's ghost hits you!
You feel drained. Daxdoom's ghost hits you.
You feel drained.
Unknown command.
You hit daxdoom's ghost but do no damage.
You headbutt daxdoom's ghost.
Daxdoom's ghost is severely damaged.
You block daxdoom's ghost's attack.
Unknown command.
You hit daxdoom's ghost.
Daxdoom's ghost is almost destroyed.
Daxdoom's ghost hits you.
* * * LOW HITPOINT WARNING * * *
You feel drained.
* * * LOW HITPOINT WARNING * * *
Unknown command.
You hit daxdoom's ghost but do no damage.
Daxdoom's ghost is almost destroyed.
Daxdoom's ghost hits you but does no damage.
You feel drained.
Unknown command.
You barely miss daxdoom's ghost. Your headbutt misses daxdoom's ghost.
Daxdoom's ghost is almost destroyed.
Daxdoom's ghost hits you!
* * * LOW HITPOINT WARNING * * *
You feel drained.
You die...

#.######.########.##..#
#...............#.###.#
##................# #.#
#...#########....# #.#
#..##.......##...# #.#
#..#8.......8#..## #.#
#..#.........#..# ##.# ####
##..#..†.....$#..###..#
###....#..©#..W@©...:#©.....##
......)...#..†.....[#..###.#
###.#####..#.........#.[# #.#
##.....# #..#8.......8#..###.#
#.....)###..##......©##...##.#
.#.......#...#########.)..##.#
#......#.#)..................#
#.......................#.####
......##.#.##########.....#


You could see daxdoom's ghost.

Vanquished Creatures
  Edmund (D:4)
  A black bear (D:4)
  2 ogres (D:4)
  A hound (D:4)
  An orc priest (D:4)
  Ijyb (D:4)
  2 orc wizards
  An adder (D:2)
  5 worms
  A dart slug (D:3)
  16 orcs
  4 ball pythons
  11 endoplasms
  2 giant cockroaches (D:2)
  9 goblins
  6 hobgoblins
  3 quokkas
  5 bats
  A frilled lizard (D:1)
  4 kobolds
  6 rats
83 creatures vanquished.

Notes
Turn   | Place    | Note
-------+----------+-------------------------------------------
     0 | D:1      | Farnir the Minotaur Fighter began the quest for the Orb.
     0 | D:1      | Reached XP level 1. HP: 19/19 MP: 0/0
   112 | D:1      | Reached XP level 2. HP: 22/27 MP: 1/1
   177 | D:1      | Found a faded altar of an unknown god.
   737 | D:2      | Reached skill level 1 in Dodging
   737 | D:2      | Reached XP level 3. HP: 26/33 MP: 2/2
  1636 | D:3      | Reached XP level 4. HP: 36/40 MP: 3/3
  2387 | D:4      | Reached XP level 5. HP: 47/47 MP: 4/4
  2477 | D:4      | Noticed an ogre
  2483 | D:4      | Killed an ogre
  2587 | D:4      | Reached XP level 6. HP: 55/55 MP: 5/5
  2612 | D:4      | Reached skill level 5 in Fighting
  2612 | D:4      | Reached skill level 5 in Armour
  2612 | D:4      | Reached skill level 5 in Shields
  2668 | D:4      | Found a transporter.
  2668 | D:4      | Noticed daxdoom's ghost (amateur MiBe)
  2688 | D:4      | Noticed Ijyb
  2704 | D:4      | Killed Ijyb
  2757 | D:4      | Found a transporter.
  2794 | D:4      | Noticed Edmund
  2813 | D:4      | Killed Edmund
  2814 | D:4      | Reached XP level 7. HP: 22/61 MP: 6/6
  3117 | D:4      | HP: 2/49 [daxdoom's ghost (11)]
  3117 | D:4      | Slain by daxdoom's ghost

Illustrated notes

Levels and vault maps discovered:
D:1:      dpeg_arrival_simpleton_a, layout_basic, shapermc_ecumenical_altar_gd,
          minmay_split_cup_large
D:2:      layout_loops_ring
D:3:      layout_basic
D:4:      layout_loops_ring, gammafunk_ghost_arena, uniq_ijyb, uniq_edmund

Skill      XL: |  1  2  3  4  5  6 |
---------------+-------------------+-----
Fighting       | 4 5 |  5.5
Armour         | 4 5 |  5.6
Dodging        | 1 2 3 |  3.5
Shields        | 4 5 |  5.5
Axes           | 3 4 |  4.8

Action                     |  1- 3 |  4- 6 |  7- 9 || total
---------------------------+-------+-------+-------++-------
  Melee: War axe           |    85 |   101 |    20 ||   206
         Headbutt          |     9 |    18 |     3 ||    30
  Evoke: Wand              |       |     2 |       ||     2
    Use: Scroll            |     6 |     7 |       ||    13
         Potion            |       |     1 |       ||     1
 Armour: Scale mail        |    62 |    50 |    14 ||   126
  Dodge: Dodged            |    24 |    35 |     8 ||    67
  Block: Buckler           |    29 |    36 |     7 ||    72

Table legend: (Time is in decaauts)
 A = Elapsed time spent in this place.
 B = Non-inter-level travel time spent in this place.
 C = Inter-level travel time spent in this place.
 D = Time resting spent in this place.
 E = Time spent auto-exploring this place.
 F = Levels seen in this place.
 G = Mean time per level.
                   A        B        C        D        E       F      G
               +--------+--------+--------+--------+--------+-----+--------+
         Total |   3188 |   3103 |     85 |     96 |   2436 |   4 |  797.0 |
       Dungeon |   3188 |   3103 |     85 |     96 |   2436 |   4 |  797.0 |
               +--------+--------+--------+--------+--------+-----+--------+

Top non-repeatable levels by time:
     D:3: 878 daAuts
     D:4: 798 daAuts
     D:2: 770 daAuts
     D:1: 740 daAuts
